Match 33938340
Unlisted

Match 33938340
End
Construct Barracks
Selects Advanced Infantry Battlegroup
Riflemen Squad
Riflemen Squad
Riflemen Squad
Infantry Support Center
Selects Convert to Ranger Squad
Riflemen Squad
Construct Medical Station
Selects Designate Assault Position
Convert to Ranger Squad
Survival Training
Convert to Ranger Squad
Advanced Logistics
Munitions Surplus
Convert to Ranger Squad
Riflemen Squad
Selects Ranger Weapon Training
Selects Artillery Observers
Convert to Ranger Squad
Construct Weapon Support Center
Selects M2A1 105mm Howitzer Emplacement
Qchan Squeed
qrter
Microsoft Office Excel
Microsoft Office Word
0
0

Comments sign in to comment!

No comments posted yet!